woodfighter, chaotic female human Cavewoman -------- |...`..| -<.{...| |.....d| |......@# --------Y woodfighter the Young Cave Woman Experience level: 7 Strength: 18/03 Dexterity: 14 Constitution: 17 Intelligence: 9 Wisdom: 11 Charisma: 9 Health: 0(62) Energy: 29(29) Def: 3 Gold: 2339 Moves: 4237 Dungeon seed: z3TRqcEdDZp93C6D Game ID: woodfighter_1557657092 Your Inventory: Coins $ - 2339 gold pieces Weapons a - a +1 club (weapon in hand) b - a +2 sling (alternate weapon; not wielded) Armor q - a blessed +0 leather armor (being worn) r - an uncursed burnt +0 cloak of displacement (being worn) t - an uncursed +0 dwarvish cloak y - an uncursed +0 orcish helm (being worn) z - an uncursed +0 dwarvish cloak C - a blessed +1 mummy wrapping D - an uncursed +0 pair of kicking boots H - an uncursed +0 dwarvish cloak N - an uncursed +0 dwarvish cloak P - a cursed -2 mummy wrapping Q - an uncursed +0 orcish helm Y - a cursed +0 pair of iron shoes Comestibles f - 2 uncursed tripe rations h - an uncursed sprig of wolfsbane p - an uncursed eucalyptus leaf R - 2 uncursed food rations Z - 2 uncursed lizard corpses Scrolls v - a blessed scroll of teleportation G - an uncursed scroll of enchant weapon O - an uncursed scroll of confuse monster Potions o - an uncursed potion of fruit juice s - a cursed potion of gain ability x - an uncursed potion of hallucination A - 2 uncursed potions of hallucination E - a cursed potion of see invisible F - an uncursed potion of gain energy Wands i - a wand of locking (0:4) Tools w - a +0 pick-axe Gems e - 11 uncursed flints (in quiver) n - an uncursed worthless piece of black glass Spells and supernatural/magical abilities: Name Level Category Fail Memory W - pray for help -- divine ? -- Your skills at the end: Miscellaneous Skills bare handed combat [Basic] Weapon Skills club [Skilled] sling [Basic] Spellcasting Skills Final Attributes: You were piously aligned. Your writing hand was ok. You were telepathic. You were displaced. You were somewhat stealthy. You were held by an owlbear. You were fast. You are dead. Vanquished creatures: a giant beetle a lynx 2 lizards an orc mummy a jaguar a raven a plains centaur a gnome mummy a yellow light a violet fungus a gnome lord 4 elf zombies 3 giant ants 2 floating eyes 2 dwarves a kobold lord an iguana 2 jitterbugs a giant bat a wererat 4 coyotes 5 hobbits an acid blob 2 large kobolds a gecko 2 hobgoblins 4 giant rats 3 cave spiders 3 gnomes 2 gnome zombies 4 jackals 2 kobolds 4 newts a goblin 11 sewer rats 2 grid bugs 2 bats 2 lichens 4 kobold zombies 88 creatures vanquished. Genocided species: island nymphs 1 species genocided. Voluntary challenges: You did not adorn yourself with jewelry or accessories. You did not cause conflict. You were not invisible. You did not have reflection. You used a wielded weapon 106 times, starting on turn 47. You did not use containers. You did not apply a unicorn horn. You did not use plumbed fixtures. You did not drink any magical draughts. You read items or engraved 5 times, starting on turn 1498. You genocided 1 type of monster, starting on turn 2503. You never polymorphed an object. You never changed form. You used no wishes. You never split a pudding. You never wrote Elbereth's name. You never violated your personal moral code. Dungeon overview: The Dungeons of Doom: levels 1 to 10 Level 1 (water) a long staircase Level 2 a fountain Level 3 a fountain Level 4 (box) stairs to The Gnomish Mines Level 5 (water) an altar to Anu Level 6 (box) a sink Level 7 Level 8 Level 9 many fountains Level 10 <- You were here a fountain The Gnomish Mines: Level 5 stairs to The Dungeons of Doom History has recorded: On T:1 you entered the Dungeons of Doom to retrieve the Amulet of Yendor! On T:54 you reached level 2 of The Dungeons of Doom. On T:455 you reached level 3 of The Dungeons of Doom. On T:704 you advanced to experience level 2. On T:938 you reached level 4 of The Dungeons of Doom. On T:1178 you advanced to experience level 3. On T:1406 you reached level 1 of The Gnomish Mines. On T:1496 you reached level 5 of The Dungeons of Doom. On T:1614 you reached level 6 of The Dungeons of Doom. On T:1671 you advanced to experience level 4. On T:2164 you advanced to experience level 5. On T:2207 you reached level 7 of The Dungeons of Doom. On T:3055 you reached level 8 of The Dungeons of Doom. On T:3284 you advanced to experience level 6. On T:3988 you reached level 9 of The Dungeons of Doom. On T:4166 you prayed to Anshar. On T:4171 you advanced to experience level 7. On T:4230 you reached level 10 of The Dungeons of Doom. On T:4237 you prayed to Anshar. Score breakdown: Gold: 2339 ( 233 points) Experience: 7 levels ( 600 points) Exploration: 10 levels ( 270 points) Discoveries: 21 items ( 1050 points) Variety of kills: 39 monsters ( 1950 points) Major goal: (nothing yet) ( 0 points) Survival: died (score multiplied by 3) Total score: 12309 Latest messages: Welcome to experience level 7. You feel quick! You see here a statue of a forest centaur. You see here a runed dagger. You see here a statue of a plains centaur. You see here a statue of a mountain centaur. You stop. Your puppy is in the way! You see here a statue of a plains centaur. "Hello, woodfighter, welcome to Delphi!" You displace your puppy. You stop exploring. (3x) A cloud of gas puts you to sleep! You wake up. $ - 29 gold pieces. You displace your puppy. You see here a statue of an iguana. You stop exploring. You hit the owlbear! The owlbear punches you! (2x) The owlbear grabs you! You hit the owlbear! (2x) The owlbear punches you! (2x) You are being crushed. You begin praying to Anshar. The owlbear punches you! (2x) You die... Final status: Goodbye woodfighter the Cavewoman, killed by an owlbear, while praying... You died in The Dungeons of Doom on dungeon level 10 with 12309 points, and 2339 pieces of gold, after 4237 moves. You were level 7 with a maximum of 62 hit points when you died.